 Dungeon Crawl Stone Soup version 0.17.1-1-g73c8601 (webtiles) character file.

94 Rationalist the Chopper (level 4, -1/35 HPs)
             Began as a Demonspawn Berserker on Jan 4, 2016.
             Was a Believer of Trog.
             Killed from afar by Natasha (3 damage)
             ... with a magic dart
             ... on level 2 of the Dungeon.
             The game lasted 00:02:27 (1879 turns).

Rationalist the Chopper (Demonspawn Berserker)      Turns: 1879, Time: 00:02:27

Health: -1/35      AC:  2    Str: 17    XL:     4   Next: 38%
Magic:  0/4        EV: 13    Int:  8    God:    Trog [**....]
Gold:   92         SH:  0    Dex: 14    Spells: 0 memorised, 3 levels left

rFire  . . .     SeeInvis .     a - +0 hand axe
rCold  . . .     Clarity  .     b - +0 animal skin
rNeg   . . .     SustAt   .     (no shield)
rPois  .         Gourm    .     (no helmet)
rElec  .         Spirit   +     (no cloak)
rCorr  .         Warding  .     (no gloves)
rMut   .         Stasis   .     (no boots)
MR     ++...                    f - amulet of guardian spirit
Stlth  ..........               (no ring)
                                l - ring of loudness (curse)

@: exhausted, regenerating, slowed, very slow, very resistant to hostile
enchantments, extremely unstealthy
A: talons 1
a: Berserk, Trog's Hand, Burn Spellbooks, Renounce Religion


You were on level 2 of the Dungeon.
You worshipped Trog.
Trog was pleased with you.
You were very hungry.

You visited 1 branch of the dungeon, and saw 2 of its levels.

You collected 92 gold pieces.

Inventory:

Hand Weapons
 a - a +0 hand axe (weapon)
Missiles
 s - 19 bolts of flame
Armour
 b - a +0 animal skin (worn)
Jewellery
 f - an amulet of guardian spirit (around neck)
 l - a cursed ring of loudness (left hand)
 t - an uncursed ring of protection from fire {unknown}
Wands
 q - a wand of digging (11)
Scrolls
 d - 2 scrolls of enchant armour {unknown}
 e - a scroll of remove curse {unknown}
 g - 2 scrolls of identify {unknown}
 i - a scroll of random uselessness {unknown}
 j - 2 scrolls of fear {unknown}
 n - a scroll of magic mapping {unknown}
 o - a scroll of blinking {unknown}
 r - 2 scrolls of fog {unknown}
Potions
 k - 2 potions of brilliance {unknown}
 m - a potion of resistance {unknown}
 p - 2 potions of heal wounds {unknown}
Comestibles
 c - a bread ration
 h - 3 fruits
 u - a chunk of flesh


   Skills:
 + Level 3.2 Fighting
 + Level 3.6 Axes
 + Level 2.1 Armour
 + Level 3.0 Dodging
 + Level 0.2 Stealth


You had 3 spell levels left.
You didn't know any spells.

Dungeon Overview and Level Annotations

Branches:
Dungeon (2/15)

Altars:
Xom

Annotations:
D:2 Natasha


Innate Abilities, Weirdness & Mutations

You have sharp toenails.


Message History

You feel a strong urge to attack something.
You are no longer berserk.
You are exhausted.
You feel yourself slow down.
You are feeling very hungry.
Natasha closely misses you.
You closely miss Natasha. You claw Natasha, but do no damage.
Natasha closely misses you. Natasha claws you.
* * * LOW HITPOINT WARNING * * *
Your skin crawls.
You feel resistant to hostile enchantments.
You feel slightly more hungry. Natasha claws you.
* * * LOW HITPOINT WARNING * * *
You hit Natasha but do no damage. You claw Natasha.
Natasha is moderately wounded.
Natasha claws you.
* * * LOW HITPOINT WARNING * * *
Natasha casts a spell at you. The magic dart hits you!
You die...

###...#.# #.... #.#
###...#.# #... .. .# ###
.##...#.# #..###.####.#
.##..##.# #...........#
..#.....####.####.......
###.....................
# #...######............
# #...# #............ #
#...# #.%..@h......
###...# #....########
......# #....# ....#.#
#....+ ###.#.# #....# #
#.#.# #....# #
#.#.######....# #
#.......##....# #
###.#.........#


You could see Natasha.

Vanquished Creatures
  Natasha (twice) (D:2)
  2 adders (D:2)
  An ooze (D:2)
  A worm (D:2)
  A giant gecko (D:2)
  3 giant cockroaches
  5 goblins
  3 hobgoblins (D:2)
  4 jackals (D:1)
  3 kobolds
  A quokka (D:2)
  7 bats
  A giant newt (D:1)
  2 rats (D:2)
36 creatures vanquished.

Notes
Turn   | Place    | Note
--------------------------------------------------------------
     0 | D:1      | Rationalist the Demonspawn Berserker began the quest for the Orb.
     0 | D:1      | Reached XP level 1. HP: 18/18 MP: 1/1
   208 | D:1      | Gained mutation: You have sharp toenails. [demonic ancestry]
   208 | D:1      | Reached XP level 2. HP: 20/24 MP: 2/2
   719 | D:2      | Reached XP level 3. HP: 29/29 MP: 3/3
   836 | D:2      | Reached ** piety under Trog
  1606 | D:2      | Noticed Natasha
  1615 | D:2      | Killed Natasha
  1615 | D:2      | Reached XP level 4. HP: 14/35 MP: 1/4
  1661 | D:2      | Found a shimmering altar of Xom.
  1856 | D:2      | Noticed Natasha
  1869 | D:2      | Killed Natasha
  1873 | D:2      | Noticed Natasha
  1879 | D:2      | Killed from afar by Natasha

Action                   |  1- 3 |  4- 6 || total
-------------------------+-------+-------++-------
Melee: Hand axe          |   104 |    24 ||   128
Invok: Berserk           |     3 |     1 ||     4
       Trog's Hand       |       |     1 ||     1
  Eat: Chunk             |     4 |     2 ||     6
